 Dungeon Crawl Stone Soup version 0.24.0-123-gd5b16e6ec5 (webtiles) character file.

Game seed: 224739142407718203, levelgen mode: deterministic

39 Seryem2 the Magician (level 3, 0/25 HPs)
             Began as a Gnoll Wizard on Jan 16, 2020.
             Succumbed to an adder's poison
             ... on level 1 of the Dungeon.
             The game lasted 00:02:51 (1215 turns).

Seryem2 the Magician (Gnoll Wizard)                 Turns: 1215, Time: 00:02:51

Health: 0/25       AC:  2    Str:  9    XL:     3   Next: 45%
Magic:  7/11       EV: 14    Int: 21    God:
Gold:   56         SH:  0    Dex: 13    Spells: 11/16 levels left

rFire    . . .     SeeInvis .   e - +0 club
rCold    . . .     Gourm    .   (no shield)
rNeg     . . .     Faith    .   a - +0 robe
rPois    .         Spirit   .   b - +0 hat
rElec    .         Reflect  .   (no cloak)
rCorr    .         Harm     .   (no gloves)
MR       .....                  (no boots)
Stlth    +++.......             (no amulet)
HPRegen  0.08/turn              (no ring)
MPRegen  0.12/turn              (no ring)

@: lethally poisoned (0 -> -8)
A: distributed training, fangs 1, strong nose
a: no special abilities


You were on level 1 of the Dungeon.
You were hungry.

You visited 1 branch of the dungeon, and saw 2 of its levels.

You collected 56 gold pieces.

Inventory:

Hand Weapons
 e - a +0 club (weapon)
Armour
 a - a +0 robe (worn)
 b - a +0 hat (worn)
Scrolls
 c - 3 scrolls of remove curse {unknown}
 f - a scroll of teleportation {unknown}
 h - a scroll of identify {unknown}
 k - a scroll of enchant weapon {unknown}
Potions
 g - a potion of degeneration {unknown}
 i - a potion of brilliance {unknown}
 j - a potion of curing {unknown}
Comestibles
 d - 2 rations


   Skills:
 + Level 0.7 Fighting
 + Level 0.7 Short Blades
 + Level 0.7 Long Blades
 + Level 0.7 Axes
 + Level 0.7 Maces & Flails
 + Level 0.7 Polearms
 + Level 0.7 Staves
 + Level 0.7 Slings
 + Level 0.7 Bows
 + Level 0.7 Crossbows
 + Level 0.7 Throwing
 + Level 0.7 Armour
 + Level 4.5 Dodging
 + Level 4.1 Stealth
 + Level 0.7 Shields
 + Level 0.7 Unarmed Combat
 + Level 7.1 Spellcasting
 + Level 2.1 Conjurations
 + Level 0.5 Hexes
 + Level 0.5 Charms
 + Level 2.1 Summonings
 + Level 0.5 Necromancy
 + Level 2.1 Translocations
 + Level 0.5 Transmutations
 + Level 0.5 Fire Magic
 + Level 0.5 Ice Magic
 + Level 0.5 Air Magic
 + Level 0.5 Earth Magic
 + Level 0.5 Poison Magic
 + Level 0.9 Invocations
 + Level 0.7 Evocations


You had 11 spell levels left.
You knew the following spells:

 Your Spells              Type           Power        Failure   Level  Hunger
a - Magic Dart            Conj           ###.         3%          1    None
b - Call Imp              Summ           ###.....     5%          2    None
i - Blink                 Tloc           N/A          5%          2    None

Your spell library contained the following spells:

 Spells                   Type           Power        Failure   Level  Hunger
 Slow                     Hex            #.......     11%         2    None
 Conjure Flame            Conj/Fire      ##......     16%         3    None
 Mephitic Cloud           Conj/Pois/Air  ##......     17%         3    None


Dungeon Overview and Level Annotations

Branches:
Dungeon (2/15)

Altars:


Innate Abilities, Weirdness & Mutations

Your experience applies equally to all skills.
You have very sharp teeth.
Your uncanny sense of smell can sniff out nearby items.


Message History

You feel sick. The adder barely misses you.
You feel sick. The adder bites you.
* * * LOW HITPOINT WARNING * * *
You are more poisoned.
The adder poisons you!
Casting: Blink (safe; 5% risk of failure)
Confirm with . or Enter, or press ? or * to list all spells.
You blink.
* * * LOW HITPOINT WARNING * * *
You feel sick.
Casting: Blink (safe; 5% risk of failure)
Confirm with . or Enter, or press ? or * to list all spells.
Aiming: Magic Dart (safe; 3% risk of failure)
Press: ? - help, Shift-Dir - straight line, f - adder
Aim: an adder The magic dart hits the adder.
The adder is moderately wounded.
You die...

..# #............# ..#
#.......####.# ### ######.## #.#
###.#####.# ######### #.......#.#
#.......# #.......#.#
#.......####.......#.#
#..................#)#
#.............@....#.#
###.............S....#.#########
........).........ยง...........>##
.##...........##.................
.################################
.......#
.....(.####################
..........................#
.......##################.#######


You could see an adder.

Vanquished Creatures
  An adder (D:2)
  A dart slug (D:1)
  3 leopard geckos (D:1)
  3 giant cockroaches (D:1)
  3 goblins (D:1)
  4 hobgoblins
  3 bats (D:1)
  4 frilled lizards (D:1)
  A kobold (D:1)
  A rat (D:1)
24 creatures vanquished.

Notes
Turn   | Place    | Note
-------+----------+-------------------------------------------
     0 | D:1      | Seryem2 the Gnoll Wizard began the quest for the Orb.
     0 | D:1      | Reached XP level 1. HP: 13/13 MP: 8/8
   318 | D:1      | Reached XP level 2. HP: 19/19 MP: 5/10
   322 | D:1      | Learned a level 2 spell: Call Imp
   325 | D:1      | Learned a level 2 spell: Blink
   751 | D:1      | Reached XP level 3. HP: 25/25 MP: 9/11
  1214 | D:1      | HP: 1/25 [poisoned by an adder]
  1215 | D:1      | Succumbed to an adder's poison

Levels and vault maps discovered:
D:1:      lemuel_arrival_rhombus, layout_basic
D:2:      layout_basic, lemuel_doored_altar, uniq_terence

Skill      XL: |  1 |
---------------+----+-----
Conjurations   | 2 |  2.1
Summonings     | 2 |  2.1
Translocations | 2 |  2.1
Fighting       | |  0.7
Short Blades   | |  0.7
Long Blades    | |  0.7
Axes           | |  0.7
Maces & Flails | |  0.7
Polearms       | |  0.7
Staves         | |  0.7
Slings         | |  0.7
Bows           | |  0.7
Crossbows      | |  0.7
Throwing       | |  0.7
Armour         | |  0.7
Dodging        | |  4.5
Stealth        | |  4.1
Shields        | |  0.7
Unarmed Combat | |  0.7
Spellcasting   | |  7.1
Hexes          | |  0.5
Charms         | |  0.5
Necromancy     | |  0.5
Transmutations | |  0.5
Fire Magic     | |  0.5
Ice Magic      | |  0.5
Air Magic      | |  0.5
Earth Magic    | |  0.5
Poison Magic   | |  0.5
Invocations    | |  0.9
Evocations     | |  0.7

Action                   || total
-------------------------++-------
Melee: Club              ||    10
 Cast: Magic Dart        ||    56
       Blink             ||     2
Armor: Robe              ||     4
Dodge: Dodged            ||    32
